 Dungeon Crawl Stone Soup version 0.29.1-15-g9cfb28693d (webtiles) character file.

Game seed: 17738173137716515872

983 Brozuf the Changer (level 8, -5/79 HPs)
             Began as an Ogre Transmuter on Mar 14, 2023.
             Was an Initiate of Gozag.
             Slain by a steam dragon (10 damage)
             ... on level 6 of the Dungeon.
             The game lasted 00:14:03 (6226 turns).

Brozuf the Changer (Ogre Transmuter)                Turns: 6226, Time: 00:14:04

Health: -5/79      AC:  2    Str: 15    XL:     8   Next: 17%
Magic:  9/11       EV: 18    Int: 16    God:    Gozag
Gold:   272        SH:  0    Dex: 14    Spells: 3/11 levels left

rFire   . . .      SeeInvis .     - Unarmed
rCold   . . .      Faith    .   (shield currently unavailable)
rNeg    . . .      Spirit   .   (body armour currently unavailable)
rPois   x          Reflect  .   (helmet currently unavailable)
rElec   .          Harm     .   (cloak currently unavailable)
rCorr   .          Rampage  .   (gloves unavailable)
Will    .....                   (boots unavailable)
Stlth   +.........              e - amulet of regeneration
HPRegen 1.03/turn               (no ring)
MPRegen 0.12/turn               (no ring)

@: spider-form
A: venomous fangs, tiny, unfitting armour, (tough skin 1)
a: End Transformation, Renounce Religion, Potion Petition, Call Merchant, Bribe
Branch


You were on level 6 of the Dungeon.
You worshipped Gozag.
Gozag was aware of your devotion.
You were a venomous arachnid creature.
You visited 2 branches of the dungeon, and saw 7 of its levels.

You collected 332 gold pieces.
You paid 60 gold pieces to Gozag.

Inventory:

Missiles
 f - a throwing net {!f}
Armour
 a - a +0 robe (melded)
Jewellery
 e - an amulet of regeneration (around neck)
   (You found it on level 2 of the Dungeon)
 k - a ring of fire
   (You found it on level 5 of the Dungeon)
Wands
 i - a wand of charming (9)
   (You found it on level 2 of the Dungeon)
 r - a wand of roots (14)
   (You found it on level 5 of the Dungeon)
Scrolls
 c - a scroll of magic mapping
 d - 2 scrolls of teleportation {@r4}
 h - 5 scrolls of poison {!r}
 j - a scroll of blinking {unknown}
 m - a scroll of noise {unknown}
 t - a scroll of vulnerability {unknown}
Potions
 b - a potion of lignification {!q}
 g - 4 potions of curing {@q1}
 l - a potion of heal wounds {unknown}
 n - 2 potions of invisibility
 o - a potion of magic {unknown}
 p - a potion of brilliance
 q - a potion of attraction {unknown}
 s - a potion of degeneration {unknown}


   Skills:
 + Level 4.7 Fighting
 - Level 1.7 Dodging
 + Level 2.6 Unarmed Combat
 - Level 2.4 Spellcasting
 + Level 6.6 Transmutations
 * Level 3.0 Ice Magic
 - Level 2.5 Poison Magic


You had 3 spell levels left.
You knew the following spells:

 Your Spells              Type           Power      Damage    Failure   Level
a - Beastly Appendage     Tmut           46%        N/A       6%          1
c - Ice Form              Ice/Tmut       17%        N/A       47%         4
x - Spider Form           Tmut/Pois      16%        N/A       24%         3

Your spell library contained the following spells:

 Spells                   Type           Power      Damage    Failure   Level
 Wereblood                Tmut           23%        N/A       8%          2
 Shock                    Conj/Air       4%         1d3       41%         1
 Static Discharge         Conj/Air       1%         3-4/arc   52%         2
 Swiftness                Air            1%         N/A       73%         3
 Tukima's Dance           Hex            1%         N/A       73%         3
 Blade Hands              Tmut           11%        N/A       58%         5
 Yara's Violent Unravell  Hex/Tmut       6%         3d5       93%         5
 Airstrike                Air            0%         2d(1-17)  97%         4
 Animate Armour           Summ/Erth      2%         N/A       97%         4
 Dispel Undead            Necr           1%         3d6       97%         4
 Passage of Golubria      Tloc           1%         N/A       97%         4
 Sticky Flame             Conj/Fire      1%         2d3       97%         4
 Iron Shot                Conj/Erth      0%         9d1       100%        6


Dungeon Overview and Level Annotations

Branches:
Dungeon (6/15)             Temple (1/1) D:5

Altars:
Cheibriados
Dithmenos
Fedhas
Gozag
Hepliaklqana
Kikubaaqudgha
Makhleb
Okawaru
Qazlal
Ru
Sif Muna
Trog
Uskayaw
Vehumet
Wu Jian
Xom
Zin
The Shining One

Shops:
D:5 *


Innate Abilities, Weirdness & Mutations

You are a venomous arachnid creature.
You have poisonous fangs.
You are tiny and dextrous.
Your spellcasting is less reliable in this form.
Your armour is entirely melded.
You are incapable of wielding weapons or throwing items.
You are too large for most types of armour.
((You have tough skin. (AC +1)))


Message History

The steam dragon bites you.
The steam dragon claws you but does no damage.
You hit the steam dragon but do no damage.
The steam dragon looks as sick as possible!
The steam dragon breathes steam at you. The ball of steam misses you.
You hit the steam dragon but do no damage.
The steam dragon looks as sick as possible!
You are engulfed in a cloud of scalding steam.
The hound pauses to sniff the ground.
The steam dragon misses you.
The steam dragon claws you but does no damage.
A hound comes into view.
You hit the steam dragon but do no damage.
The steam dragon looks as sick as possible!
The steam dragon bites you.
The steam dragon claws you but does no damage.
You hit the steam dragon.
The steam dragon looks as sick as possible!
The steam dragon bites you!
* * * LOW HITPOINT WARNING * * *
The steam dragon claws you.
* * * LOW HITPOINT WARNING * * *
Unknown command.
Unknown command.
You hit the steam dragon.
The steam dragon looks as sick as possible!
The steam dragon barely misses you. x2
You bite the steam dragon!
The steam dragon looks as sick as possible!
The steam dragon breathes steam at you. The ball of steam hits you!
* * * LOW HITPOINT WARNING * * *
Unknown command.
Unknown command.
You hit the steam dragon.
The steam dragon looks as sick as possible!
You are engulfed in a cloud of scalding steam.
* * * LOW HITPOINT WARNING * * *
The steam dragon bites you.
* * * LOW HITPOINT WARNING * * *
The steam dragon closely misses you.
Unknown command.
Unknown command.
You barely miss the steam dragon.
You are engulfed in a cloud of scalding steam.
* * * LOW HITPOINT WARNING * * *
The steam dragon bites you!
You die...
Your body crumbles into a pile of gold.

..#...# #...... .#...#
#...... ....## #......
#....# #...... #....#
.# ##.####
...####.F..#...# #.#
.......hY....... #.#
########D############.#
#.s............#
################


You could see a steam dragon (extremely poisoned, catching breath), an ice
beast, a bullfrog and a hound.

Vanquished Creatures
  A black bear (D:5)
  A centaur (D:6)
  2 scorpions (D:4)
  5 orc priests
  3 hounds
  Natasha (thrice) (D:3)
  Terence (D:3)
  2 iguanas (D:5)
  4 orc wizards
  9 adders
  A white imp (D:5)
  An ufetubus (D:5)
  3 worms
  4 dart slugs
  12 orcs
  8 endoplasms
  7 giant cockroaches
  8 hobgoblins
  5 jackals
  5 quokkas
  7 ball pythons
  5 bats
  3 frilled lizards
  2 goblins
  4 kobolds
  4 rats
110 creatures vanquished.

Notes
Turn   | Place    | Note
-------+----------+-------------------------------------------
     0 | D:1      | Brozuf the Ogre Transmuter began the quest for the Orb.
     0 | D:1      | Reached XP level 1. HP: 19/19 MP: 3/3
    83 | D:1      | Reached skill level 2 in Transmutations
   194 | D:1      | Reached XP level 2. HP: 23/27 MP: 3/5
   541 | D:1      | Reached skill level 3 in Transmutations
   547 | D:1      | Found a faded altar of an unknown god.
   687 | D:1      | Reached XP level 3. HP: 27/33 MP: 4/6
  1253 | D:2      | Found a shimmering altar of Xom.
  1405 | D:2      | Learned a level 3 spell: Spider Form
  1574 | D:2      | Reached XP level 4. HP: 27/41 MP: 5/7
  2268 | D:3      | Noticed Natasha
  2280 | D:3      | Killed Natasha
  2281 | D:3      | Reached skill level 4 in Transmutations
  2281 | D:3      | Reached skill level 1 in Poison Magic
  2499 | D:3      | Noticed Natasha
  2508 | D:3      | Killed Natasha
  2509 | D:3      | Reached XP level 5. HP: 18/48 MP: 4/8
  2607 | D:3      | Noticed Natasha
  3341 | D:3      | Killed Natasha
  3410 | D:3      | Noticed Terence
  3417 | D:3      | Killed Terence
  3691 | D:4      | Learned a level 4 spell: Ice Form
  3748 | D:4      | Reached XP level 6. HP: 49/55 MP: 7/9
  3953 | D:4      | Reached skill level 5 in Transmutations
  3953 | D:4      | Reached skill level 1 in Ice Magic
  4207 | D:4      | Reached XP level 7. HP: 39/66 MP: 7/10
  4643 | D:5      | Entered Level 5 of the Dungeon
  4782 | D:5      | Found a staircase to the Ecumenical Temple.
  4808 | Temple   | Entered the Ecumenical Temple
  5020 | Temple   | Became a worshipper of Gozag Ym Sagoz the Greedy
  5066 | D:5      | Found Imywny's Overcharged Wands.
  5677 | D:5      | Reached skill level 6 in Transmutations
  5759 | D:5      | Found an ancient bone altar of Kikubaaqudgha.
  5760 | D:5      | Found a shimmering blue altar of Sif Muna.
  5808 | D:6      | Reached XP level 8. HP: 44/79 MP: 9/11
  6226 | D:6      | Slain by a steam dragon

Illustrated notes

Levels and vault maps discovered:
D:1:      onia_arrival_mini_maze_b, layout_rooms, ebering_ecumenical_altar_webs,
          kennysheep_nondescript
D:2:      layout_loops_ring, basic_altar
D:3:      layout_loops_ring, grunt_ministairs_1, minmay_misc_feat_alley,
          wad_rectangle_vault, uniq_terence, uniq_natasha
D:4:      layout_cave_pools, item_on_display_a
D:5:      layout_loops_ring, gammafunk_temple_overflow_pools,
          minmay_temple_entry_tees, nicolae_shop_overcharged_wands
D:6:      minmay_recursive_quarters, layout_rooms, kennysheep_ying_yang,
          uniq_edmund
Temple:   nicolae_temple_bog_church

Skill      XL: |  1  2  3  4  5  6  7  8 |
---------------+-------------------------+-----
Transmutations | 2 3 4 5 6 |  6.6
Poison Magic   | 1 2 |  2.5
Fighting       | 2 4 |  4.7
Ice Magic      | 1 2 3 |  3.0
Dodging        | |  1.7
Unarmed Combat | |  2.6
Spellcasting   | |  2.4

Action                   |  1- 3 |  4- 6 |  7- 9 || total
-------------------------+-------+-------+-------++-------
Melee: Unarmed           |   138 |   168 |   116 ||   422
       Headbutt          |    11 |     5 |     2 ||    18
       Kick              |    22 |    19 |    11 ||    52
       Punch             |     1 |     3 |     1 ||     5
 Cast: Beastly Appendage |    27 |    22 |     9 ||    58
       Spider Form       |       |    10 |    10 ||    20
  Use: Scroll            |       |     9 |     1 ||    10
Armor: Robe              |    59 |    21 |     6 ||    86
       Skin              |       |     1 |     7 ||     8
Dodge: Dodged            |    83 |    91 |    95 ||   269
